 Dungeon Crawl Stone Soup version 0.31.0-9-g3a7656b989 (webtiles) character file.

Game seed: 6703518796390992812

0 browni3141 the Sneak (level 1, 0/18 HPs)
             Began as a Formicid Delver on Jan 24, 2024.
             Slain by an orc
             ... wielding a +0 dagger
              (3 damage)
             ... on level 5 of the Dungeon.
             The game lasted 00:00:50 (144 turns).

browni3141 the Sneak (Formicid Delver)               Turns: 144, Time: 00:00:50

Health: 0/18       AC:  4    Str: 16    XL:     1   Next: 0%
Magic:  1/1        EV: 12    Int:  9    God:
Gold:   33         SH:  0    Dex: 15    Spells: 0/0 levels left

rFire   . . .        a - +0 short sword
rCold   . . .        (no shield)
rNeg    . . .        b - +0 leather armour
rPois   .            (helmet unavailable)
rElec   .            G - +0 cloak
rCorr   .            (no gloves)
SInv    +            (no boots)
Will    .....        (no amulet)
Stlth   +++          (no ring)
HPRegen 0.23/turn    (no ring)
MPRegen 0.07/turn

%: no passive effects
@: lethally poisoned (0 -> -7)
A: permanent stasis, dig shafts and tunnels, antennae 3, four strong arms
a: Dig, Shaft Self


You were on level 5 of the Dungeon.
You visited 1 branch of the dungeon, and saw 1 of its levels.

You collected 33 gold pieces.

Inventory:

Hand Weapons
 a - a +0 short sword (weapon)
Armour
 b - a +0 leather armour (worn)
 G - a +0 cloak (worn)
Wands
 f - a wand of digging (3)
Scrolls
 d - a scroll of revelation
 F - a scroll of fog


   Skills:
 * Level 3.2 Fighting
 - Level 2.0 Short Blades
 - Level 1.7 Dodging
 - Level 6.0 Stealth


You couldn't memorise any spells.
You didn't know any spells.
Your spell library contained the following spells:

 Spells                   Type           Power      Damage    Failure   Level
 Inner Flame              Hex/Fire       0%         N/A       83%         3
 Irradiate                Conj/Alch      0%         3d11      100%        5
 Ignition                 Fire           0%         3d3       100%        8


Dungeon Overview and Level Annotations

Branches:
Dungeon (5/15)
 Temple: D:4-7

Altars:

Annotations:
D:5 Ijyb


Innate Abilities, Weirdness & Mutations

You cannot be hasted, slowed, berserked, paralysed or teleported.
You can dig through walls and to a lower floor.
You have a pair of large antennae on your head. (SInv)
Your four strong arms can wield two-handed weapons with a shield.


Message History

An adder comes into view.
An orc comes into view. It is wielding a +0 dagger.
You see here 8 gold pieces.
You now have 8 gold pieces.
You see here 10 gold pieces.
You now have 18 gold pieces (gained 10).
The adder barely misses you.
You closely miss the adder. The adder bites you.
You miss the adder. The adder barely misses you.
The orc shouts!
You hit the adder.
The adder is lightly wounded.
The adder bites you.
You are poisoned.
The adder poisons you!
You hit the adder.
The adder is moderately wounded.
You feel sick. The adder misses you.
You hit the adder but do no damage.
The adder is moderately wounded.
You feel sick. The adder bites you.
You miss the adder.
The adder is moderately wounded.
You feel sick. The adder bites you.
* * * LOW HITPOINT WARNING * * *
The adder closely misses you.
You miss the adder.
The adder is moderately wounded.
You feel sick.
You are no longer poisoned.
The adder bites you but does no damage. The adder barely misses you.
You barely miss the adder.
The adder is moderately wounded.
The adder bites you.
* * * LOW HITPOINT WARNING * * *
You are poisoned.
The adder poisons you!
As you read the scroll of fear, it crumbles to dust.
You assume a fearsome visage.
The adder looks frightened!
The orc looks frightened!
You feel sick.
You feel sick.
The orc cries, "Oh dear!
Oh dear!"
You feel sick.
You feel sick.
You are no longer poisoned.
Found a scroll labelled SUHETHUGIHU.
Found an escape hatch in the ceiling.
Ijyb the Twisted Goblin comes into view.
She is wielding a +0 dagger and carrying a wand of flame.
You start resting.
HP restored.
G - a +0 cloak You start putting on your armour.
You continue putting on your +0 cloak. x4
You finish putting on your +0 cloak.
You now have 33 gold pieces (gained 15).
You barely miss the adder.
The adder hisses angrily.
The adder is moderately wounded.
The adder bites you but does no damage.
You completely miss the adder.
The adder is moderately wounded.
The adder closely misses you.
You hit the adder.
The adder is heavily wounded.
The adder bites you.
The adder bites you but does no damage. x2
You hit the adder.
The adder is almost dead.
The adder bites you.
You completely miss the adder.
The adder is almost dead.
The adder closely misses you.
You barely miss the adder.
The adder is almost dead.
The adder bites you but does no damage.
You barely miss the adder.
The adder is almost dead.
The adder barely misses you. The adder misses you.
You closely miss the adder.
The adder is almost dead.
The adder bites you.
You are poisoned.
The adder poisons you!
You hit the adder but do no damage.
The adder is almost dead.
You feel sick. The adder barely misses you.
You are too injured to fight recklessly!
You are too injured to fight recklessly!
You are too injured to fight recklessly!
You miss the adder.
The adder is almost dead.
You feel sick. The adder bites you.
* * * LOW HITPOINT WARNING * * *
You are lethally poisoned!
The adder poisons you! The orc hits you with a +0 dagger.
* * * LOW HITPOINT WARNING * * *
You hit the adder.
You kill the adder!
* * * LOW HITPOINT WARNING * * *
You feel sick. The orc hits you with a +0 dagger.
You die...

... +.......######
$.###.............
...#....#........
#.####.#........
###..##..#........
#.................
#......>..........
##########.................
..........@................
.........o...######........
..(..........# #########
.............#
.............#
.............#
.............#
.............#
.............#


You could see an orc.

Vanquished Creatures
  An adder (D:5)
1 creature vanquished.

Notes
Turn   | Place    | Note
-------+----------+-------------------------------------------
     0 | D:5      | browni3141 the Formicid Delver began the quest for the Orb.
     0 | D:5      | Reached XP level 1. HP: 18/18 MP: 1/1
    44 | D:5      | Noticed Ijyb
   144 | D:5      | Slain by an orc

Illustrated notes

Levels and vault maps discovered:
D:5:      layout_basic, minitemple, uniq_ijyb, uniq_eustachio, uniq_sigmund

Action                     || total
---------------------------++-------
  Melee: Short sword       ||    19
    Use: Scroll            ||     1
 Armour: Leather armour    ||    16
  Dodge: Dodged            ||    10
